 Dungeon Crawl Stone Soup version 0.20.1-1-g8b1a95d (webtiles) character file.

51 Folque the Magician (level 3, -8/25 HPs)
             Began as an Octopode Wizard on Oct 31, 2017.
             Mangled by manon's ghost (13 damage)
             ... on level 3 of the Dungeon.
             The game lasted 00:12:24 (1722 turns).

Folque the Magician (Octopode Wizard)               Turns: 1722, Time: 00:12:25

Health: -8/25      AC:  1    Str:  6    XL:     3   Next: 83%
Magic:  0/7        EV: 13    Int: 21    God:
Gold:   137        SH:  0    Dex: 10    Spells: 0/8 levels left

rFire    . . .     SeeInvis .   n - +0 spear
rCold    + . .     Gourm    .   (no shield)
rNeg     . . .     Faith    .   a - +0 hat
rPois    .         Spirit   .   (no amulet)
rElec    .         Reflect  .   m - ring of protection from cold
rCorr    .         Harm     .   (no ring)
MR       .....                  (no ring)
Stlth    +++.......             (no ring)
Regen    0.1/turn               (no ring)
MPRegen  0.1/turn               (no ring)
                                (no ring)
                                (no ring)

@: very slightly contaminated
A: almost no armour, stealthy swim, amphibious, 8 rings, constrict 8, camouflage
1, gelatinous body 1
a: no special abilities


You were on level 3 of the Dungeon.
You were hungry.

You visited 1 branch of the dungeon, and saw 3 of its levels.

You collected 137 gold pieces.

Inventory:

Hand Weapons
 k - a +0 short sword
 n - a +0 spear (weapon)
Armour
 a - a +0 hat (worn)
Jewellery
 m - a ring of protection from cold (left tentacle)
Scrolls
 f - a scroll of teleportation
 h - a scroll of random uselessness {unknown}
 i - 4 scrolls of identify
 l - a scroll of fear {unknown}
 o - a scroll of magic mapping {unknown}
 p - a scroll of remove curse {unknown}
 q - a scroll of amnesia {unknown}
Potions
 e - a potion of haste {unknown}
Books
 b - a book of Minor Magic

   Spells                             Type                      Level
   a - Magic Dart                     Conjuration                  1
   b - Blink                          Translocation                2
   c - Call Imp                       Summoning                    2
   d - Slow                           Hexes                        2
   e - Conjure Flame                  Conjuration/Fire             3
   f - Mephitic Cloud                 Conjuration/Poison/Air       3
Comestibles
 c - 2 bread rations
 d - 4 fruits
 j - 2 meat rations


   Skills:
 * Level 2.8 Fighting
 - Level 2.0 Dodging
 - Level 2.6 Stealth
 + Level 3.3 Spellcasting
 - Level 1.0 Conjurations
 - Level 1.0 Summonings
 - Level 1.0 Translocations


You couldn't memorise any spells.
You knew the following spells:

 Your Spells              Type           Power        Failure   Level  Hunger
a - Magic Dart            Conj           #...         9%          1    None
b - Call Imp              Summ           #.......     13%         2    ##.....
c - Blink                 Tloc           N/A          13%         2    ##.....
d - Mephitic Cloud        Conj/Pois/Air  #.......     32%         3    ###....


Dungeon Overview and Level Annotations

Branches:
Dungeon (3/15)

Altars:

Annotations:
D:3 manon's ghost, amateur GrCK


Innate Abilities, Weirdness & Mutations

You cannot wear most types of armour.
You are very stealthy in the water. (Stealth+)
You are amphibious.
You can wear up to eight rings at the same time.
You can use your tentacles to constrict eight enemies at once.
Your skin changes colour to match your surroundings (Stealth+).
Your rubbery body absorbs attacks. (AC +1, EV +1)


Message History

The magic dart hits manon's ghost.
Manon's ghost is almost destroyed.
You are feeling hungry.
Your white imp disappears in a puff of smoke!
There is a stone staircase leading up here.
Attack whom?
Press: ? - help, Dir - move target cursor, f/p - manon's ghost
Aim: manon's ghost, wielding a weapon of chaos (almost destroyed)
You reach to attack!
You closely miss manon's ghost.
Manon's ghost is almost destroyed.
You hit manon's ghost but do no damage.
Manon's ghost is almost destroyed.
Manon's ghost misses you.
You hit manon's ghost.
Manon's ghost is almost destroyed.
Manon's ghost hits you!
* * * LOW HITPOINT WARNING * * *
Manon's ghost hits you!
Ouch! That really hurt!
You die...

##........#.....###
#.................. ..#
#................#. ....
#...>............##
...###................## .
.....................#.. ..##
#...#........##...##.#
....######.....W......####....#
........###...@........##..#.##
#.........................#.##
#...........................
####.####........[..#####...
#.## ##..........# #..# #..##
#..........# ##.#
##..###........#.# [#
##..##.####..##... # ##5##.##
#...###.#


You could see manon's ghost.

Vanquished Creatures
  4 leopard geckos
  3 bats
  2 giant cockroaches
  4 goblins
  7 hobgoblins
  4 kobolds
  A quokka (D:2)
  3 frilled lizards
  4 rats
32 creatures vanquished.

Vanquished Creatures (collateral kills)
  2 worms
  A dart slug (D:1)
  A bat (D:2)
  A hobgoblin (D:1)
  2 kobolds
  A rat (D:2)
  A butterfly (D:3)
9 creatures vanquished.

Grand Total: 41 creatures vanquished

Notes
Turn   | Place    | Note
-------+----------+-------------------------------------------
     0 | D:1      | Folque the Octopode Wizard began the quest for the Orb.
     0 | D:1      | Reached XP level 1. HP: 11/11 MP: 4/4
    42 | D:1      | Reached skill level 1 in Fighting
   112 | D:1      | Reached XP level 2. HP: 18/18 MP: 6/6
   116 | D:1      | Learned a level 2 spell: Call Imp
   119 | D:1      | Learned a level 2 spell: Blink
   601 | D:2      | Reached XP level 3. HP: 22/24 MP: 3/7
   606 | D:2      | Learned a level 3 spell: Mephitic Cloud
  1060 | D:3      | Noticed manon's ghost (amateur GrCK)
  1722 | D:3      | Mangled by manon's ghost

Skill      XL: |  1  2 |
---------------+-------+-----
Fighting       | 1 2 |  2.8
Dodging        | |  2.0
Stealth        | |  2.6
Spellcasting   | |  3.3
Conjurations   | |  1.0
Summonings     | |  1.0
Translocations | |  1.0

Action                   || total
-------------------------++-------
Melee: Club              ||    34
       Unarmed           ||     6
       Constrict         ||    21
       Tentacles         ||     7
       Short sword       ||    25
       Spear             ||    40
 Cast: Magic Dart        ||    23
       Call Imp          ||    25
       Blink             ||     1
  Use: Scroll            ||     2
 Stab: Sleeping          ||    11
  Eat: Chunk             ||     3
Armor: Skin              ||     8
Dodge: Dodged            ||    77
